[Event "SVK Extraliga 2019-20"]
[Site "Slovakia"]
[Date "2019.11.23"]
[Round "3.7"]
[White "Farkas, Gabor"]
[Black "Veres, Andrej"]
[Result "0-1"]
[ECO "C44"]
[WhiteElo "2355"]
[BlackElo "2236"]
[Annotator "NA"]
[PlyCount "179"]
[EventDate "2019.10.19"]
[EventType "team-tourn"]
[EventCountry "SVK"]
[SourceTitle "playchess.com"]
[Source "ChessBase"]
[SourceQuality "1"]
[WhiteTeam "Streda"]
[BlackTeam "Dubnica"]
[TimeControl "40/5400+30:1800+30"]

1. e4 e5 2. Nf3 Nc6 3. d4 exd4 4. Nxd4 Nf6 5. Nxc6 bxc6 6. Qe2 Qe7 7. Nc3 d5 8. exd5 Qxe2+ 9. Bxe2 cxd5 10. Nb5 Bb4+ 11. c3 Ba5 12. Bf4 Kd7 13. Nd4 Re8 14. O-O c6 15. Bd3 g6 16. Nb3 Bb6 17. Rfe1 Bb7 18. a4 a6 19. a5 Ba7 20. Be3 Kd6 21. Bd4 Rxe1+ 22. Rxe1 Nd7 23. Bxa7 Rxa7 24. Re8 c5 25. Nd2 Bc6 26. f4 c4 27. Bc2 Rb7 28. b4 cxb3 29. Nxb3 Ba4 30. Nd4 Bxc2 31. Nxc2 Nf6 32. Re1 Rb5 33. Ra1 Ne4 34. Nd4 Rc5 35. Rb1 Rxa5 36. g3 Kc7 37. f5 Rc5 38. fxg6 hxg6 39. Rf1 Nd6 40. Ne2 Kd7 41. h4 Ke7 42. g4 Nb5 43. Rf3 Rc4 44. Rg3 a5 45. h5 gxh5 46. gxh5 a4 47. Rg8 Nxc3 48. Nxc3 Rxc3 49. Kg2 a3 50. h6 a2 51. Ra8 Rc6 52. Ra7+ Ke8 53. Ra8+ Kd7 54. Ra7+ Ke8 55. Ra8+ Kd7 56. Ra7+ Kc8 57. h7 Rh6 58. Rxa2 Rxh7 59. Ra7 Kd8 60. Kf3 Ke8 61. Kf4 Rh5 62. Rb7 Kf8 63. Kg4 Rh1 64. Rd7 Rd1 65. Kf3 Kg7 66. Ke2 Rd4 67. Ke3 Re4+ 68. Kf3 Re5 69. Kf4 Rh5 70. Kg4 Kg6 71. Rd6+ f6 72. Rd8 Re5 73. Kf4 Kf7 74. Rd6 Ke7 75. Ra6 Re6 76. Ra7+ Kd6 77. Ra6+ Kd7 78. Ra7+ Kc8 79. Ra5 Rd6 80. Ke3 Kd7 81. Kd4 Ke6 82. Ra8 Rd7 83. Re8+ Kf5 84. Re1 Kg6 85. Rg1+ Kf7 86. Re1 Kg6 87. Rg1+ Kf7 88. Re1 Kg6 89. Rg1+ Kf7 90. Rf1 0-1

[Event "SVK Extraliga 2019-20"]
[Site "Slovakia"]
[Date "2019.11.23"]
[Round "3.7"]
[White "Petran, Peter"]
[Black "Danada, Tomas"]
[Result "1-0"]
[ECO "A00"]
[WhiteElo "2271"]
[BlackElo "2263"]
[Annotator "NA"]
[PlyCount "111"]
[EventDate "2019.10.19"]
[EventType "team-tourn"]
[EventCountry "SVK"]
[SourceTitle "playchess.com"]
[Source "ChessBase"]
[SourceQuality "1"]
[WhiteTeam "Slovan"]
[BlackTeam "Prakovce"]
[TimeControl "40/5400+30:1800+30"]

1. g3 d5 2. Bg2 c6 3. Nf3 Bg4 4. d3 Nd7 5. Nbd2 e6 6. O-O Be7 7. a3 h6 8. b4 a5 9. Rb1 axb4 10. axb4 Ngf6 11. c4 O-O 12. Qb3 Re8 13. Bb2 Bf8 14. h3 Bh5 15. Rfe1 Bg6 16. e4 dxe4 17. dxe4 e5 18. Rbd1 Qb6 19. Bc3 c5 20. b5 Bd6 21. Nh4 Nf8 22. Qb2 Bh5 23. Ra1 Rxa1 24. Rxa1 Bb8 25. Nb3 Qe6 26. Nf5 Qxc4 27. Na5 Qd3 28. Nxb7 N8d7 29. Re1 Bd1 30. Bf1 Qc2 31. Qxc2 Bxc2 32. f3 Bb3 33. Rb1 Be6 34. Nfd6 Rf8 35. b6 Ne8 36. Nf5 Bxf5 37. exf5 c4 38. Bb4 Nxb6 39. Bxf8 Kxf8 40. Kh2 Bc7 41. Rc1 Ke7 42. Bxc4 Nxc4 43. Rxc4 Kf6 44. g4 e4+ 45. Kg2 exf3+ 46. Kxf3 h5 47. Rc6+ Ke5 48. Rc1 hxg4+ 49. hxg4 Kf6 50. Nc5 Ke7 51. g5 Nd6 52. Ne4 Nxe4 53. Kxe4 Ba5 54. Ra1 Bb6 55. Rb1 Bc7 56. Kd5 1-0

[Event "SVK Extraliga 2019-20"]
[Site "Slovakia"]
[Date "2019.11.23"]
[Round "3.7"]
[White "Cibickova, Zuzana"]
[Black "Federic, Jozef"]
[Result "1-0"]
[ECO "E08"]
[WhiteElo "2258"]
[BlackElo "2209"]
[Annotator "NA"]
[PlyCount "99"]
[EventDate "2019.10.19"]
[EventType "team-tourn"]
[EventCountry "SVK"]
[SourceTitle "playchess.com"]
[Source "ChessBase"]
[SourceQuality "1"]
[WhiteTeam "Podhajska"]
[BlackTeam "Modra"]
[TimeControl "40/5400+30:1800+30"]

1. Nf3 d5 2. c4 e6 3. g3 Nf6 4. Bg2 Be7 5. d4 O-O 6. O-O c6 7. Qc2 b6 8. Rd1 Bb7 9. b3 Nbd7 10. Nc3 Rc8 11. e4 dxe4 12. Nxe4 c5 13. Nxf6+ Bxf6 14. Ng5 Bxg5 15. Bxb7 Rc7 16. dxc5 Bxc1 17. Raxc1 bxc5 18. Bg2 Qe7 19. Rd2 Nb6 20. Rcd1 h6 21. Qc3 Rfc8 22. h3 Rd7 23. Qa5 Rxd2 24. Rxd2 Rc7 25. Kh2 g6 26. Rd3 Kg7 27. a4 Qf6 28. Qd2 Qe7 29. Qa5 Kh7 30. Rd1 Kg7 31. Kg1 Kg8 32. Rd2 Kg7 33. Rd3 Kh7 34. Rd1 Kg8 35. Qb5 Kf8 36. a5 Nd7 37. Bc6 Ne5 38. Qb8+ Kg7 39. Bg2 Nc6 40. Bxc6 Rxc6 41. Rd8 Qc7 42. Rg8+ Kf6 43. Qf8 Qxa5 44. Kg2 Qe1 45. Qd8+ Kf5 46. Rf8 Qe4+ 47. Kh2 Qd4 48. Rxf7+ Ke5 49. Qh8+ Kd6 50. Qb8+ {[%emt 0:00:00] Kd5} 1-0

[Event "SVK Extraliga 2019-20"]
[Site "Slovakia"]
[Date "2019.11.23"]
[Round "3.7"]
[White "Bochnickova, Andrea"]
[Black "Hrabusa, Matej"]
[Result "0-1"]
[ECO "B94"]
[WhiteElo "2122"]
[BlackElo "2360"]
[Annotator "NA"]
[PlyCount "58"]
[EventDate "2019.10.19"]
[EventType "team-tourn"]
[EventCountry "SVK"]
[SourceTitle "playchess.com"]
[Source "ChessBase"]
[SourceQuality "1"]
[WhiteTeam "KSN"]
[BlackTeam "Liptovska"]
[TimeControl "40/5400+30:1800+30"]

1. e4 c5 2. Nf3 d6 3. d4 cxd4 4. Nxd4 Nf6 5. Nc3 a6 6. Bg5 Nbd7 7. Qe2 g6 8. O-O-O Bg7 9. f4 O-O 10. e5 dxe5 11. fxe5 Qa5 12. Nf3 Ng4 13. Rd5 b5 14. h3 Nh6 15. Qd2 Nf5 16. g4 Ng3 17. Rg1 Nxf1 18. Rxf1 Nb6 19. Rd8 Be6 20. Rxa8 Rxa8 21. a3 Nc4 22. Qf4 b4 23. Nb1 bxa3 24. bxa3 Qb5 25. Nbd2 Nxd2 26. Nxd2 Bxe5 27. Qe4 Rd8 28. Rf3 Bb2+ 29. Kd1 Qxg5 0-1

[Event "SVK Extraliga 2019-20"]
[Site "Slovakia"]
[Date "2019.11.23"]
[Round "3.8"]
[White "Haring, Viktor"]
[Black "Walterova, Ema"]
[Result "1-0"]
[ECO "C44"]
[WhiteElo "2266"]
[BlackElo "1766"]
[Annotator "NA"]
[PlyCount "59"]
[EventDate "2019.10.19"]
[EventType "team-tourn"]
[EventCountry "SVK"]
[SourceTitle "playchess.com"]
[Source "ChessBase"]
[SourceQuality "1"]
[WhiteTeam "Liptovska"]
[BlackTeam "KSN"]
[TimeControl "40/5400+30:1800+30"]

1. e4 e5 2. Nf3 Nc6 3. Bb5 Nd4 4. Nxd4 exd4 5. O-O c6 6. Bc4 Nf6 7. Re1 d6 8. c3 dxc3 9. Nxc3 Be7 10. d4 O-O 11. Bb3 Re8 12. Bf4 Be6 13. Bc2 d5 14. e5 Nd7 15. Ne2 Bg5 16. Bxg5 Qxg5 17. f4 Qh5 18. Qd3 Nf8 19. f5 Bd7 20. Nf4 Qg5 21. g3 g6 22. fxg6 hxg6 23. h4 Qe7 24. Qd2 Ne6 25. Rf1 Ng7 26. Rae1 Bf5 27. Bxf5 gxf5 28. Nh3 c5 29. h5 Nxh5 30. Qh6 1-0

[Event "SVK Extraliga 2019-20"]
[Site "Slovakia"]
[Date "2019.11.23"]
[Round "3.8"]
[White "Kusiak, Matej"]
[Black "Jancovic, Peter"]
[Result "1-0"]
[ECO "B51"]
[WhiteElo "2234"]
[BlackElo "2304"]
[Annotator "NA"]
[PlyCount "131"]
[EventDate "2019.10.19"]
[EventType "team-tourn"]
[EventCountry "SVK"]
[SourceTitle "playchess.com"]
[Source "ChessBase"]
[SourceQuality "1"]
[WhiteTeam "Prakovce"]
[BlackTeam "Slovan"]
[TimeControl "40/5400+30:1800+30"]

1. e4 c5 2. Nf3 d6 3. Bb5+ Nd7 4. d4 cxd4 5. Qxd4 a6 6. Be2 e5 7. Qe3 Ngf6 8. O-O Be7 9. c4 O-O 10. Nc3 Re8 11. b3 Nc5 12. Rd1 Qa5 13. Rb1 Ne6 14. b4 Qc7 15. g3 Bd7 16. Qd3 b5 17. Nd5 Nxd5 18. cxd5 Nf8 19. Nd2 Rec8 20. Nb3 Qc2 21. Na5 Ng6 22. Be3 f5 23. Nc6 Qxd3 24. Bxd3 Bxc6 25. dxc6 f4 26. Bd2 Rxc6 27. a4 Rb8 28. axb5 axb5 29. Rbc1 Rcb6 30. Bc2 Bd8 31. Bb3+ Kh8 32. Bd5 Ra6 33. Kg2 h6 34. Rc2 fxg3 35. hxg3 Ne7 36. Be6 Kh7 37. Be3 Nc6 38. Rxd6 Nxb4 39. Bf5+ Kg8 40. Rcd2 Rxd6 41. Rxd6 Nc2 42. Ba7 Ra8 43. Be6+ Kh7 44. Rd7 Bf6 45. Rb7 b4 46. Bc5 Re8 47. Bf5+ Kg8 48. Bg6 Rc8 49. f4 Ne1+ 50. Kh3 Nd3 51. Bd6 Rd8 52. Bc7 Rc8 53. Bb8 Nc5 54. Rb5 exf4 55. gxf4 Be7 56. Be5 Nd3 57. Bf5 Rc5 58. Rb7 Nxe5 59. Rxe7 Nc6 60. Rb7 g5 61. Be6+ Kf8 62. f5 Nd4 63. Bd5 b3 64. f6 Rb5 65. Rg7 b2 66. Rg8# 1-0

[Event "SVK Extraliga 2019-20"]
[Site "Slovakia"]
[Date "2019.11.23"]
[Round "3.8"]
[White "Bombek, Peter"]
[Black "Takacs, Laszlo"]
[Result "1/2-1/2"]
[ECO "A45"]
[WhiteElo "2151"]
[BlackElo "2249"]
[Annotator "NA"]
[PlyCount "95"]
[EventDate "2019.10.19"]
[EventType "team-tourn"]
[EventCountry "SVK"]
[SourceTitle "playchess.com"]
[Source "ChessBase"]
[SourceQuality "1"]
[WhiteTeam "Dubnica"]
[BlackTeam "Streda"]
[TimeControl "40/5400+30:1800+30"]

1. d4 Nf6 2. Bg5 Ne4 3. Bf4 c5 4. f3 Qa5+ 5. c3 Nf6 6. Nd2 cxd4 7. Nb3 Qd8 8. cxd4 d5 9. e3 e6 10. Ne2 Nc6 11. g4 a5 12. Nc3 Bd6 13. Bxd6 Qxd6 14. Nb5 Qb4+ 15. Qd2 Qxd2+ 16. Kxd2 Ke7 17. Rc1 Bd7 18. Nc5 Rab8 19. Be2 Ne8 20. f4 Nd6 21. Nxd6 Kxd6 22. Bb5 Be8 23. Bxc6 Bxc6 24. g5 b6 25. Nd3 f6 26. Rhg1 Rb7 27. Nf2 Re7 28. gxf6 gxf6 29. Rg3 Rf8 30. Rcg1 Be8 31. Rg8 Rxg8 32. Rxg8 Bg6 33. Rd8+ Rd7 34. Rxd7+ Kxd7 35. Ng4 Ke7 36. h4 Bf5 37. Nf2 Kf7 38. Nh1 Bb1 39. a3 Ke7 40. Kc3 Kd6 41. Ng3 b5 42. Nh5 Ke7 43. b4 a4 44. Kd2 Kf7 45. Ng3 Kg6 46. Ke1 Bd3 47. Kf2 Bc2 48. Ke1 1/2-1/2

[Event "SVK Extraliga 2019-20"]
[Site "Slovakia"]
[Date "2019.11.23"]
[Round "3.8"]
[White "Mydlarik, Martin"]
[Black "Gazik, Igor"]
[Result "0-1"]
[ECO "B15"]
[WhiteElo "2127"]
[BlackElo "2253"]
[Annotator "NA"]
[PlyCount "124"]
[EventDate "2019.10.19"]
[EventType "team-tourn"]
[EventCountry "SVK"]
[SourceTitle "playchess.com"]
[Source "ChessBase"]
[SourceQuality "1"]
[WhiteTeam "Modra"]
[BlackTeam "Podhajska"]
[TimeControl "40/5400+30:1800+30"]

1. e4 c6 2. d4 d5 3. Nc3 g6 4. h3 Bg7 5. Nf3 Nh6 6. Bf4 f6 7. Qd2 Nf7 8. exd5 cxd5 9. Bb5+ Nc6 10. O-O O-O 11. Rfe1 Re8 12. Ba4 e6 13. Re2 Bd7 14. Rae1 Rc8 15. Nd1 a6 16. c3 b5 17. Bc2 Na5 18. b3 Nc6 19. Nb2 e5 20. dxe5 fxe5 21. Be3 Be6 22. Ng5 Nxg5 23. Bxg5 Qa5 24. Bb1 e4 25. Nd1 Bf7 26. Qf4 b4 27. cxb4 Qxb4 28. Ne3 Nd4 29. Ng4 Nxe2+ 30. Rxe2 Qb8 31. Qxb8 Rxb8 32. Nf6+ Bxf6 33. Bxf6 Rbc8 34. Re1 Rc6 35. Bb2 Rb8 36. Kh2 Be6 37. Kg3 a5 38. Be5 Rbc8 39. Bb2 Rb6 40. Bd4 Rb4 41. Be5 Bf5 42. Bd6 Rb6 43. Be5 Kf7 44. Kf4 Ke6 45. Bd4 Rb4 46. Ke3 g5 47. Rd1 h5 48. Re1 a4 49. bxa4 Rcc4 50. Ba1 d4+ 51. Ke2 Rxa4 52. Rd1 g4 53. hxg4 Bxg4+ 54. f3 exf3+ 55. gxf3 Bf5 56. Bxf5+ Kxf5 57. Kd3 Rcb4 58. Rd2 Kf4 59. Ke2 h4 60. a3 Rc4 61. Kf2 h3 62. Bb2 d3 0-1

[Event "SVK Extraliga 2019-20"]
[Site "Slovakia"]
[Date "2019.11.24"]
[Round "4"]
[White "Piorun, Kacper"]
[Black "Markos, Jan"]
[Result "1/2-1/2"]
[ECO "E46"]
[WhiteElo "2623"]
[BlackElo "2571"]
[Annotator "ChessBase"]
[PlyCount "22"]
[EventDate "2019.10.19"]
[EventType "team-tourn"]
[EventCountry "SVK"]
[SourceTitle "playchess.com"]
[Source "ChessBase"]
[SourceQuality "1"]
[WhiteTeam "Dunajov"]
[BlackTeam "Snina"]
[TimeControl "40/5400+30:1800+30"]

1. d4 Nf6 2. c4 e6 3. Nc3 Bb4 4. e3 O-O 5. Bd2 d5 6. Nf3 b6 7. cxd5 exd5 8. Rc1 a6 9. Bd3 Bd6 10. Qb3 Bb7 11. O-O Nbd7 1/2-1/2

[Event "SVK Extraliga 2019-20"]
[Site "Slovakia"]
[Date "2019.11.24"]
[Round "4"]
[White "Tazbir, Marcin"]
[Black "Krak, Tomas"]
[Result "1/2-1/2"]
[ECO "B23"]
[WhiteElo "2529"]
[BlackElo "2317"]
[Annotator "ChessBase"]
[PlyCount "41"]
[EventDate "2019.10.19"]
[EventType "team-tourn"]
[EventCountry "SVK"]
[SourceTitle "playchess.com"]
[Source "ChessBase"]
[SourceQuality "1"]
[WhiteTeam "Dunajov"]
[BlackTeam "Snina"]
[TimeControl "40/5400+30:1800+30"]

1. e4 c5 2. Nc3 d6 3. d4 cxd4 4. Qxd4 a6 5. b3 Nf6 6. Bb2 e5 7. Qd2 Be7 8. f3 Be6 9. O-O-O Nbd7 10. Kb1 b5 11. g4 Nb6 12. Ba3 O-O 13. Nge2 d5 14. Bxe7 Qxe7 15. g5 Nh5 16. Nxd5 Nxd5 17. exd5 Bxd5 18. Qe3 Rad8 19. Bh3 f5 20. gxf6 Qxf6 21. Bg4 1/2-1/2

[Event "SVK Extraliga 2019-20"]
[Site "Slovakia"]
[Date "2019.11.24"]
[Round "4"]
[White "Mrva, Martin"]
[Black "Antoniewski, Rafal"]
[Result "0-1"]
[ECO "B11"]
[WhiteElo "2402"]
[BlackElo "2481"]
[Annotator "ChessBase"]
[PlyCount "130"]
[EventDate "2019.10.19"]
[EventType "team-tourn"]
[EventCountry "SVK"]
[SourceTitle "playchess.com"]
[Source "ChessBase"]
[SourceQuality "1"]
[WhiteTeam "Snina"]
[BlackTeam "Dunajov"]
[TimeControl "40/5400+30:1800+30"]

1. e4 c6 2. Nf3 d5 3. Nc3 Bg4 4. h3 Bxf3 5. Qxf3 e6 6. g3 Nf6 7. Bg2 Bb4 8. O-O O-O 9. Re1 Bxc3 10. Qxc3 Nxe4 11. Bxe4 dxe4 12. Rxe4 Nd7 13. b3 Qf6 14. d4 Qf5 15. Rf4 Qxh3 16. Bb2 f6 17. Re1 Rf7 18. Rfe4 Qf5 19. Qd2 Re8 20. c4 e5 21. Kg2 Ref8 22. Ba3 Rc8 23. Qa5 b6 24. Qa6 Nb8 25. Qa4 c5 26. dxc5 bxc5 27. Qa5 Rfc7 28. Qd2 Qd7 29. R4e2 Qc6+ 30. Kg1 Rd7 31. Qe3 Qd6 32. g4 h6 33. Rc1 Qe6 34. f3 Na6 35. Rg2 Rcd8 36. Rc3 Rd4 37. Re2 Qd6 38. Kg2 Nc7 39. Qf2 Ne6 40. Bc1 Qc6 41. Kg3 Rd3 42. Rxd3 Rxd3 43. Be3 Qd6 44. Kg2 Nd4 45. Rd2 Rc3 46. Bxd4 exd4 47. Qe2 Qf4 48. Qe6+ Kh7 49. Qf5+ Qxf5 50. gxf5 a5 51. Kg3 a4 52. bxa4 Rxc4 53. Kf4 Rxa4 54. Ke4 Ra3 55. Rf2 d3 56. Kd5 Rc3 57. Rd2 c4 58. Kd4 Rc2 59. Ke3 Rc1 60. a3 Ra1 61. Kd4 Rxa3 62. Kxc4 Ra5 63. Rxd3 Rxf5 64. Kd4 Re5 65. f4 Re7 0-1

[Event "SVK Extraliga 2019-20"]
[Site "Slovakia"]
[Date "2019.11.24"]
[Round "4"]
[White "Sepesi, Samuel"]
[Black "Pniaczek, Marek"]
[Result "0-1"]
[ECO "C52"]
[WhiteElo "2174"]
[BlackElo "2118"]
[Annotator "NA"]
[PlyCount "58"]
[EventDate "2019.10.19"]
[EventType "team-tourn"]
[EventCountry "SVK"]
[SourceTitle "playchess.com"]
[Source "ChessBase"]
[SourceQuality "1"]
[WhiteTeam "Snina"]
[BlackTeam "Dunajov"]
[TimeControl "40/5400+30:1800+30"]

1. e4 e5 2. Nf3 Nc6 3. Bc4 Bc5 4. b4 Bxb4 5. c3 Ba5 6. d4 Bb6 7. O-O d6 8. dxe5 dxe5 9. Qb3 Qf6 10. Bg5 Qg6 11. Rd1 Bg4 12. Nbd2 Nf6 13. Bd5 O-O 14. Bxc6 bxc6 15. Bh4 Rfe8 16. Bg3 Bxf3 17. Nxf3 Nxe4 18. Nxe5 Qf6 19. Nf3 Nxc3 20. Re1 Ne2+ 21. Kf1 Nxg3+ 22. hxg3 Rad8 23. Rad1 Rxe1+ 24. Rxe1 g6 25. Qc2 Rd5 26. g4 h6 27. Re8+ Kg7 28. Qc1 Rb5 29. a4 Rb2 0-1

[Event "SVK Extraliga 2019-20"]
[Site "Slovakia"]
[Date "2019.11.24"]
[Round "4"]
[White "Kantorik, Marian"]
[Black "Mrvova, Alena"]
[Result "1-0"]
[ECO "A40"]
[WhiteElo "2165"]
[BlackElo "2165"]
[Annotator "NA"]
[PlyCount "101"]
[EventDate "2019.10.19"]
[EventType "team-tourn"]
[EventCountry "SVK"]
[SourceTitle "playchess.com"]
[Source "ChessBase"]
[SourceQuality "1"]
[WhiteTeam "Dunajov"]
[BlackTeam "Snina"]
[TimeControl "40/5400+30:1800+30"]

1. d4 Nf6 2. c4 e6 3. g3 Bb4+ 4. Bd2 Be7 5. Bg2 d5 6. Nf3 O-O 7. O-O c5 8. cxd5 Nxd5 9. dxc5 Bxc5 10. Qc2 Be7 11. Rd1 Qb6 12. e4 Nb4 13. Qb3 N8c6 14. Be3 Bc5 15. Bxc5 Qxc5 16. Na3 e5 17. Qc3 Qe7 18. h3 f6 19. Nc4 Be6 20. a3 Na6 21. Bf1 Rac8 22. b4 b5 23. Nd6 Nd4 24. Nxc8 Rxc8 25. Qe3 Nc2 26. Qd2 Nxa1 27. Rxa1 Nc7 28. Rc1 Ne8 29. Rxc8 Bxc8 30. Qd5+ Be6 31. Qxb5 Nd6 32. Qc5 Qd7 33. Nd2 Nf7 34. Nc4 Ng5 35. Nd6 Nf3+ 36. Kg2 Nd2 37. Ba6 Bxh3+ 38. Kh1 Be6 39. Bc8 Qe7 40. Qc6 g6 41. Bxe6+ Qxe6 42. Qa8+ Kg7 43. Qxa7+ Kg8 44. Qb8+ Kg7 45. Kg2 f5 46. Qc7+ Kh6 47. Nf7+ Kh5 48. Qd8 Nf3 49. Kxf3 fxe4+ 50. Kg2 Qg4 51. Qh4+ 1-0

[Event "SVK Extraliga 2019-20"]
[Site "Slovakia"]
[Date "2019.11.24"]
[Round "4"]
[White "Hanko, Pavol"]
[Black "Rajnak, Daniel"]
[Result "0-1"]
[ECO "D63"]
[WhiteElo "2114"]
[BlackElo "2110"]
[Annotator "NA"]
[PlyCount "66"]
[EventDate "2019.10.19"]
[EventType "team-tourn"]
[EventCountry "SVK"]
[SourceTitle "playchess.com"]
[Source "ChessBase"]
[SourceQuality "1"]
[WhiteTeam "Dunajov"]
[BlackTeam "Snina"]
[TimeControl "40/5400+30:1800+30"]

1. d4 d5 2. Nf3 Nf6 3. c4 e6 4. Bg5 Be7 5. e3 O-O 6. Nc3 Nbd7 7. Rc1 dxc4 8. Bxc4 c5 9. O-O a6 10. a4 cxd4 11. exd4 Nb6 12. Ba2 Nbd5 13. Bb1 Qa5 14. Nxd5 Qxd5 15. Bxf6 Bxf6 16. Rc5 Qd6 17. Qc2 g6 18. Rd1 Rd8 19. h4 Bd7 20. h5 b6 21. Rc3 Rac8 22. hxg6 hxg6 23. Rdd3 Rxc3 24. bxc3 Qa3 25. Re3 Bxa4 26. Qe4 Qc1+ 27. Kh2 Kg7 28. Kg3 Bb3 29. Bd3 Qxc3 30. Bxa6 Qc7+ 31. Ne5 Bc2 32. Qf4 g5 33. Qg4 Bf5 0-1

[Event "SVK Extraliga 2019-20"]
[Site "Slovakia"]
[Date "2019.11.24"]
[Round "4"]
[White "Harvan, Richard"]
[Black "Magat, Jozef"]
[Result "1/2-1/2"]
[ECO "C00"]
[WhiteElo "2098"]
[BlackElo "2103"]
[Annotator "NA"]
[PlyCount "35"]
[EventDate "2019.10.19"]
[EventType "team-tourn"]
[EventCountry "SVK"]
[SourceTitle "playchess.com"]
[Source "ChessBase"]
[SourceQuality "1"]
[WhiteTeam "Snina"]
[BlackTeam "Dunajov"]
[TimeControl "40/5400+30:1800+30"]

1. e4 e6 2. c4 d5 3. cxd5 exd5 4. exd5 Nf6 5. Nc3 Nxd5 6. Bc4 Nxc3 7. bxc3 Bd6 8. Qe2+ Qe7 9. Qxe7+ Bxe7 10. Nf3 O-O 11. O-O Bd6 12. Re1 Nc6 13. d4 Bd7 14. Bd3 Rae8 15. Be3 b6 16. Ng5 h6 17. Nf3 f5 18. Bd2 1/2-1/2

[Event "SVK Extraliga 2019-20"]
[Site "Slovakia"]
[Date "2019.11.24"]
[Round "4"]
[White "Pcola st., Jaroslav"]
[Black "Lisko, Frantisek"]
[Result "1/2-1/2"]
[ECO "B45"]
[WhiteElo "2057"]
[BlackElo "2274"]
[Annotator "NA"]
[PlyCount "93"]
[EventDate "2019.10.19"]
[EventType "team-tourn"]
[EventCountry "SVK"]
[SourceTitle "playchess.com"]
[Source "ChessBase"]
[SourceQuality "1"]
[WhiteTeam "Snina"]
[BlackTeam "Dunajov"]
[TimeControl "40/5400+30:1800+30"]

1. e4 c5 2. Nf3 e6 3. Nc3 Nc6 4. d4 cxd4 5. Nxd4 Nf6 6. a3 Be7 7. Be3 O-O 8. f4 d6 9. Be2 Bd7 10. O-O a6 11. Bf3 Rc8 12. Nxc6 Bxc6 13. Qd2 Qc7 14. Qf2 b5 15. Kh1 Qb7 16. e5 Ne4 17. Nxe4 Bxe4 18. exd6 Bxd6 19. c3 f5 20. Rad1 Bb8 21. Qd2 Rf7 22. Bd4 Re8 23. Rde1 Qd5 24. Qe3 Bxf3 25. Qxf3 Qxf3 26. Rxf3 Rd7 27. g3 Kf7 28. Kg2 Bc7 29. Rfe3 Bd8 30. R1e2 Bf6 31. Be5 Rd5 32. Kf3 h6 33. h3 Bd8 34. Bd4 Bc7 35. Re1 g5 36. R1e2 a5 37. Re1 b4 38. axb4 axb4 39. Ra1 bxc3 40. bxc3 Ra5 41. Ree1 Rd8 42. Reb1 Rd7 43. Rxa5 Bxa5 44. Rb3 Kg6 45. Ra3 Bd8 46. Ra6 Kf7 47. Ra7 1/2-1/2

[Event "SVK Extraliga 2019-20"]
[Site "Slovakia"]
[Date "2019.11.24"]
[Round "4.1"]
[White "Balogh, Csaba"]
[Black "Petenyi, Tamas"]
[Result "1-0"]
[ECO "B06"]
[WhiteElo "2591"]
[BlackElo "2427"]
[Annotator "ChessBase"]
[PlyCount "85"]
[EventDate "2019.10.19"]
[EventType "team-tourn"]
[EventCountry "SVK"]
[SourceTitle "playchess.com"]
[Source "ChessBase"]
[SourceQuality "1"]
[WhiteTeam "Modra"]
[BlackTeam "Streda"]
[TimeControl "40/5400+30:1800+30"]

1. e4 g6 2. d4 Bg7 3. Nc3 c6 4. f4 b5 5. e5 b4 6. Ne4 d5 7. Nf2 Nh6 8. Nf3 O-O 9. Bd3 c5 10. dxc5 Qa5 11. Nd4 Qxc5 12. Be3 Nc6 13. Be2 Nxd4 14. Bxd4 Qa5 15. g4 Ba6 16. Bxa6 Qxa6 17. Qe2 Qa5 18. O-O e6 19. a3 Rfc8 20. axb4 Qxb4 21. c3 Qe7 22. Ra6 Kh8 23. Rfa1 Rc7 24. Qe3 Rb8 25. b4 Rc4 26. Rxa7 Qe8 27. R1a6 Ng8 28. f5 gxf5 29. gxf5 exf5 30. Nh3 Rc6 31. Rxc6 Qxc6 32. Ng5 Qg6 33. Qg3 f4 34. Qg4 Qb1+ 35. Kg2 Qc2+ 36. Kh3 Qd3+ 37. Kh4 Nh6 38. Nxf7+ Nxf7 39. Rxf7 Rg8 40. Rxg7 Rxg7 41. e6 Qg6 42. Qxg6 hxg6 43. e7 1-0

[Event "SVK Extraliga 2019-20"]
[Site "Slovakia"]
[Date "2019.11.24"]
[Round "4.1"]
[White "Matuszewski, Michal"]
[Black "Sahidi, Samir"]
[Result "0-1"]
[ECO "A45"]
[WhiteElo "2524"]
[BlackElo "2374"]
[Annotator "ChessBase"]
[PlyCount "86"]
[EventDate "2019.10.19"]
[EventType "team-tourn"]
[EventCountry "SVK"]
[SourceTitle "playchess.com"]
[Source "ChessBase"]
[SourceQuality "1"]
[WhiteTeam "Prakovce"]
[BlackTeam "Bratislava"]
[TimeControl "40/5400+30:1800+30"]

1. d4 Nf6 2. Bg5 e6 3. e4 h6 4. Bxf6 Qxf6 5. c3 d6 6. Bd3 e5 7. Ne2 g6 8. O-O Bg7 9. f4 Qe7 10. Nd2 Nd7 11. Qb3 O-O 12. a4 Kh7 13. Nc4 Nb6 14. Ne3 a5 15. Rf3 Bd7 16. Qc2 c5 17. dxe5 dxe5 18. f5 Rad8 19. b3 Bc6 20. c4 Rd6 21. Nc3 Rd4 22. Raf1 Qd6 23. Ncd5 Nd7 24. f6 Bh8 25. Ng4 Bxd5 26. Rh3 Nxf6 27. Nxh6 Nh5 28. Rxh5 gxh5 29. Nf5 Qg6 30. exd5 Rxd3 31. Qxd3 Rg8 32. Qe4 b6 33. d6 Bf6 34. Ng3 Kg7 35. Qf5 Qxf5 36. Rxf5 Kg6 37. Rf3 Rd8 38. Rd3 Bh4 39. Kf2 Kf6 40. Kf3 Bxg3 41. Kxg3 Ke6 42. Kh4 e4 43. Re3 Ke5 0-1

[Event "SVK Extraliga 2019-20"]
[Site "Slovakia"]
[Date "2019.11.24"]
[Round "4.1"]
[White "Pechac, Jergus"]
[Black "Vovk, Yuri"]
[Result "0-1"]
[ECO "E18"]
[WhiteElo "2491"]
[BlackElo "2577"]
[Annotator "ChessBase"]
[PlyCount "110"]
[EventDate "2019.10.19"]
[EventType "team-tourn"]
[EventCountry "SVK"]
[SourceTitle "playchess.com"]
[Source "ChessBase"]
[SourceQuality "1"]
[WhiteTeam "Zilina"]
[BlackTeam "Košice"]
[TimeControl "40/5400+30:1800+30"]

1. d4 Nf6 2. c4 e6 3. Nf3 b6 4. g3 Bb7 5. Bg2 Be7 6. O-O O-O 7. Nc3 Ne4 8. Bd2 d5 9. cxd5 exd5 10. Bf4 Nd7 11. Rc1 c5 12. Qb3 c4 13. Qd1 Nxc3 14. bxc3 b5 15. h4 a5 16. Nd2 Nb6 17. e4 b4 18. e5 Bc8 19. Qh5 Be6 20. Bg5 Bxg5 21. hxg5 Na4 22. f4 Nxc3 23. f5 Bxf5 24. Rxf5 g6 25. Qh6 gxf5 26. Kf2 Ra6 27. Qxa6 Qxg5 28. Rc2 f4 29. Nf1 fxg3+ 30. Kg1 Qf4 31. Rd2 Nb1 32. Re2 Qxd4+ 33. Re3 Re8 34. Qf6 Re6 35. Qd8+ Kg7 36. Qxd5 Qb6 37. Qxc4 Rxe5 38. Qg4+ Kf8 39. Qxg3 Re6 40. Kh2 Rh6+ 41. Bh3 Nc3 42. Nd2 Nd5 43. Re1 Rxh3+ 44. Kxh3 Qh6+ 45. Kg4 Qxd2 46. Qe5 Qg2+ 47. Kh4 Qf2+ 48. Qg3 Qxg3+ 49. Kxg3 Nc3 50. Re5 a4 51. Ra5 a3 52. Kf3 Nxa2 53. Ke3 b3 54. Kd2 b2 55. Rb5 Nb4 0-1

[Event "SVK Extraliga 2019-20"]
[Site "Slovakia"]
[Date "2019.11.24"]
[Round "4.1"]
[White "Cernousek, Lukas"]
[Black "Gazik, Viktor"]
[Result "1-0"]
[ECO "A52"]
[WhiteElo "2461"]
[BlackElo "2508"]
[Annotator "ChessBase"]
[PlyCount "63"]
[EventDate "2019.10.19"]
[EventType "team-tourn"]
[EventCountry "SVK"]
[SourceTitle "playchess.com"]
[Source "ChessBase"]
[SourceQuality "1"]
[WhiteTeam "Dubnica"]
[BlackTeam "Podhajska"]
[TimeControl "40/5400+30:1800+30"]

1. d4 Nf6 2. c4 e5 3. dxe5 Ng4 4. Bf4 g5 5. Bg3 Bg7 6. Nf3 Nc6 7. h4 Ngxe5 8. Nxe5 Nxe5 9. Nc3 g4 10. h5 O-O 11. h6 Bf6 12. Nd5 d6 13. Qc2 c6 14. Nxf6+ Qxf6 15. e4 d5 16. Rh5 Re8 17. O-O-O Ng6 18. cxd5 cxd5 19. Bb5 Rf8 20. exd5 a6 21. Bd3 Bd7 22. Kb1 Rac8 23. Qd2 Rfe8 24. Qg5 Qb6 25. d6 Qd4 26. Bc2 Qc4 27. Bb3 Qe4+ 28. Ka1 Qe2 29. Qd5 Be6 30. Qd4 f6 31. d7 Bxb3 32. axb3 1-0